 Dungeon Crawl Stone Soup version 0.30.0-29-ga12c61a403 (webtiles) character file.

Game seed: 4740592927496630913

62 PedroKMD the Chopper (level 4, -1/41 HPs)
             Began as a Hill Orc Monk on June 19, 2023.
             Slain by a worm (10 damage)
             ... on level 3 of the Dungeon.
             The game lasted 00:03:24 (1314 turns).

PedroKMD the Chopper (Hill Orc Monk)                Turns: 1314, Time: 00:03:25

Health: -1/41      AC:  2    Str: 15    XL:     4   Next: 8%
Magic:  4/4        EV: 17    Int: 10    God:
Gold:   61         SH:  0    Dex: 13    Spells: 3/3 levels left

rFire   . . .        a - +0 hand axe
rCold   . . .        d - orb {light}
rNeg    . . .        b - +0 robe
rPois   .            (no helmet)
rElec   .            (no cloak)
rCorr   .            (no gloves)
SInv    .            (no boots)
Will    .....        (no amulet)
Stlth   +            h - +5 ring of evasion
HPRegen 0.26/turn    (no ring)
MPRegen 0.09/turn

%: no passive effects
@: glowing
A: no striking features
a: no special abilities


You were on level 3 of the Dungeon.
You visited 1 branch of the dungeon, and saw 3 of its levels.

You collected 61 gold pieces.

Inventory:

Hand Weapons
 a - a +0 hand axe (weapon)
Missiles
 j - 2 datura-tipped darts (quivered)
 r - 5 boomerangs
Armour
 b - a +0 robe (worn)
 d - an orb of light (worn)
 e - a +0 scale mail
 f - a +0 leather armour of willpower
Jewellery
 h - a +5 ring of evasion (left hand)
Scrolls
 i - a scroll of enchant weapon {unknown}
 l - a scroll of teleportation {unknown}
 m - a scroll of vulnerability {unknown}
 n - a scroll of amnesia {unknown}
 p - a scroll of poison {unknown}
 q - a scroll of identify {unknown}
Potions
 c - 2 potions of ambrosia
 g - 3 potions of curing {unknown}
 k - 2 potions of mutation {unknown}
 o - a potion of degeneration {unknown}


   Skills:
 + Level 4.5 Fighting
 + Level 5.3 Axes
 - Level 2.4 Dodging
 + Level 0.7 Stealth


You had 3 spell levels left.
You didn't know any spells.
Your spell library contained the following spells:

 Spells                   Type           Power      Damage    Failure   Level
 Magic Dart               Conj           0%         1d3       36%         1
 Call Imp                 Summ           0%         N/A       50%         2
 Call Canine Familiar     Summ           0%         N/A       75%         3
 Mephitic Cloud           Conj/Pois/Air  0%         N/A       75%         3
 Portal Projectile        Hex/Tloc       0%         N/A       75%         3
 Leda's Liquefaction      Hex/Erth       0%         N/A       98%         4


Dungeon Overview and Level Annotations

Branches:
Dungeon (3/15)

Altars:

Shops:
D:2 !


Message History

The orc misses you.
Things that are here:
a +0 whip; an orc corpse You hit the orc.
The orc is heavily wounded.
The orc closely misses you.
You barely miss the orc.
The orc is heavily wounded.
The orc barely misses you.
You hit the orc.
The orc is severely wounded.
You hit the orc but do no damage. The orc barely misses you.
The orc hits you with a +0 flail.
You hit the orc.
You kill the orc!
You hit the orc. The orc hits you with a +0 flail.
An orc comes into view. It is wielding a +0 hand axe.
You have reached level 4!
You hit the orc.
The orc is almost dead.
You hit the orc. The orc hits you with a +0 flail. The orc closely misses you.
You slash the orc!
You kill the orc!
You barely miss the orc. You hit the orc.
You kill the orc!
You hit the worm.
The worm is moderately wounded.
You hit the orc but do no damage. The orc hits you with a +0 hand axe.
You hit the worm.
The worm is heavily wounded.
You hit the orc. The orc hits you with a +0 hand axe. The worm bites you.
You are too injured to fight recklessly!
You are too injured to fight recklessly!
You hit the worm but do no damage.
The worm is heavily wounded.
You hit the orc. The orc hits you with a +0 hand axe!
* * * LOW HITPOINT WARNING * * *
The worm bites you!
You die...

##.#.#.......#.#.#
#
#..#...##.##...#...
##.#.#.#...#.#.# #.
#...#...#.. #...
##.#.#.#...# #.#.
#..#...##.##
##.#.#......
#...##.###.
#.#@w......
#..##o###.## ##..
... ##. ##.# . ##
#!


You could see a worm and an orc.

Vanquished Creatures
  An adder (D:2)
  2 dart slugs (D:2)
  4 orcs (D:3)
  11 ball pythons
  2 endoplasms (D:1)
  A giant cockroach (D:1)
  A goblin (D:2)
  4 hobgoblins
  2 quokkas (D:1)
  4 bats
  4 frilled lizards
  4 kobolds
  4 rats
44 creatures vanquished.

Notes
Turn   | Place    | Note
-------+----------+-------------------------------------------
     0 | D:1      | PedroKMD the Hill Orc Monk began the quest for the Orb.
     0 | D:1      | Reached XP level 1. HP: 19/19 MP: 1/1
   126 | D:1      | Reached XP level 2. HP: 23/27 MP: 2/2
   697 | D:2      | Reached XP level 3. HP: 33/33 MP: 3/3
   889 | D:2      | Reached skill level 5 in Axes
  1025 | D:2      | Found Nuqahes's Distillery.
  1309 | D:3      | Reached XP level 4. HP: 29/41 MP: 4/4
  1314 | D:3      | Slain by a worm

Illustrated notes

Levels and vault maps discovered:
D:1:      matt_arrival_refuge, layout_rooms
D:2:      layout_basic, serial_shops, shop
D:3:      layout_rooms, mainiacjoe_overflow_brackets, general_overflow_altar,
          nicolae_concentric_dashed_squares_mild, due_unseen_surprise

Skill      XL: |  1  2  3 |
---------------+----------+-----
Fighting       | 4 |  4.5
Axes           | 5 |  5.3
Dodging        | |  2.4
Stealth        | |  0.7

Action                     |  1- 3 |  4- 6 || total
---------------------------+-------+-------++-------
  Melee: Hand axe          |    94 |     6 ||   100
 Armour: Robe              |    10 |       ||    10
  Dodge: Dodged            |    64 |     1 ||    65
